 Dungeon Crawl Stone Soup version 0.27.1-3-gb3d3a73c9e (webtiles) character file.

Game seed: 16173861404119638115

34 Atelerd the Stinger (level 3, 0/21 HPs)
             Began as an Octopode Venom Mage on Oct 31, 2021.
             Shot with a stone by a goblin (3 damage)
             ... led by Robin
             ... on level 2 of the Dungeon.
             The game lasted 00:01:11 (1768 turns).

Atelerd the Stinger (Octopode Venom Mage)           Turns: 1768, Time: 00:01:11

Health: 0/21       AC:  1    Str:  7    XL:     3   Next: 31%
Magic:  4/6        EV: 13    Int: 18    God:
Gold:   72         SH:  0    Dex: 12    Spells: 6/7 levels left

rFire    . . .     SeeInvis .   a - +4 dagger
rCold    . . .     Faith    .   (no shield)
rNeg     . . .     Spirit   .   (helmet restricted)
rPois    .         Reflect  .   (no amulet)
rElec    .         Harm     .   (no ring)
rCorr    .         Rampage  .   (no ring)
Will     .....                  (no ring)
Stlth    +++.......             (no ring)
HPRegen  0.07/turn              (no ring)
MPRegen  0.10/turn              (no ring)
                                (no ring)
                                (no ring)

@: no status effects
A: almost no armour, amphibious, 8 rings, camouflage 1, gelatinous body 1,
(nimble swimmer 1), tentacles
a: no special abilities


You were on level 2 of the Dungeon.
You visited 1 branch of the dungeon, and saw 2 of its levels.

You collected 72 gold pieces.

Inventory:

Hand Weapons
 a - a +4 dagger (weapon)
Scrolls
 c - a scroll of amnesia {unknown}
 d - a scroll of acquirement {unknown}
 e - a scroll of identify {unknown}
Potions
 b - a potion of degeneration {unknown}
 f - a potion of flight {unknown}


   Skills:
 - Level 2.0 Dodging
 - Level 2.6 Stealth
 + Level 2.6 Spellcasting
 + Level 1.8 Transmutations
 + Level 4.2 Poison Magic


You had 6 spell levels left.
You knew the following spells:

 Your Spells              Type           Power      Damage    Failure   Level
a - Sting                 Tmut/Pois      52%        1d5       4%          1

Your spell library contained the following spells:

 Spells                   Type           Power      Damage    Failure   Level
 Poisonous Vapours        Pois/Air       18%        N/A       11%         2
 Mephitic Cloud           Conj/Pois/Air  7%         N/A       28%         3
 Olgreb's Toxic Radiance  Pois           17%        N/A       30%         4


Dungeon Overview and Level Annotations

Branches:
Dungeon (2/15)

Altars:

Annotations:
D:2 Robin


Innate Abilities, Weirdness & Mutations

You cannot wear most types of armour.
You are amphibious.
You can wear up to eight rings at the same time.
Your skin changes colour to match your surroundings (Stealth+).
Your rubbery body absorbs attacks. (AC +1, EV +1)
((You are camouflaged near water. (Stealth+)))
You have tentacles for arms and can constrict up to eight enemies at once.


Message History

The goblin unwields a +0 club.
The goblin wields a +0 hunting sling.
The goblin shoots a stone.
The stone closely misses you.
You hit the goblin.
You kill the goblin!
There are monsters nearby!
There are monsters nearby!
You hit the goblin. Your grab misses the goblin.
The goblin is moderately wounded.
The goblin hits you with a +0 club.
You hit the goblin.
You kill the goblin!
You hit the goblin. You grab the goblin. You squeeze the goblin.
You kill the goblin!
There are monsters nearby!
There are monsters nearby!
Unknown command.
You miscast Sting.
You are very lightly contaminated with residual magic.
Nothing appears to happen.
The goblin hits you with a +0 club.
The sting hits the goblin.
The goblin is poisoned.
You kill the goblin!
The sting hits the goblin.
The goblin is poisoned.
The goblin is heavily wounded.
The goblin hits you with a +0 club.
You are too injured to fight recklessly!
You are too injured to fight recklessly!
You kill the goblin!
Unknown command.
Your magical contamination has completely faded away.
The goblin shoots a stone.
The stone barely misses you.
The goblin shoots a stone.
The stone completely misses you. Robin throws the goblin at you!
* * * LOW HITPOINT WARNING * * *
The goblin unwields a +0 hunting sling.
The goblin wields a +0 club.
The goblin closely misses you.
The goblin unwields a +0 club.
The goblin wields a +0 hunting sling.
The goblin shoots a stone.
The stone hits you.
* * * LOW HITPOINT WARNING * * *
The goblin shoots a stone.
The stone hits you.
You die...

#g.......#
#........#
######........#
.##.............#
.........g.#...##
##......gg##..##
#.#
#......#......#
#.#
#.....##..[##.#
#.#
#.........@#..#
#.#
####....##.†..#
#.# ####..#.##.##
#.# ##...##..#
#.#
#######.####.#
#.#<)..# ##
#.###..# #.
#.###..# #.
#..##..# #.


You could see a hobgoblin and 2 goblins.

Vanquished Creatures
  2 worms (D:2)
  2 bats
  A giant cockroach (D:1)
  8 goblins
  2 quokkas (D:1)
  5 ball pythons
  3 frilled lizards
  3 kobolds
  2 rats (D:1)
28 creatures vanquished.

Notes
Turn   | Place    | Note
-------+----------+-------------------------------------------
     0 | D:1      | Atelerd the Octopode Venom Mage began the quest for the
                  | Orb.
     0 | D:1      | Reached XP level 1. HP: 11/11 MP: 3/3
   662 | D:1      | Reached XP level 2. HP: 17/17 MP: 5/5
   785 | D:1      | Found a faded altar of an unknown god.
  1283 | D:2      | Reached skill level 4 in Poison Magic
  1661 | D:2      | Reached XP level 3. HP: 18/21 MP: 0/6
  1746 | D:2      | Noticed Robin
  1768 | D:2      | Shot with a stone by a goblin

Illustrated notes

Levels and vault maps discovered:
D:1:      onia_arrival_pyramid, layout_loops_ring,
          shapermc_ecumenical_altar_starsandcircs, nrook_campfire,
          grunt_decor_one_mirror
D:2:      layout_basic, minmay_tromino_v4_c, uniq_robin

Skill      XL: |  1  2 |
---------------+-------+-----
Poison Magic   | 4 |  4.2
Dodging        | |  2.0
Stealth        | |  2.6
Spellcasting   | |  2.6
Transmutations | |  1.8

Action                   || total
-------------------------++-------
Melee: Unarmed           ||    10
       Dagger            ||    31
       Constrict         ||     6
       Tentacles         ||     5
 Cast: Sting             ||    13
 Stab: Sleeping          ||     7
Armor: Skin              ||     2
Dodge: Dodged            ||    27
